 Dungeon Crawl Stone Soup version 0.29.0-11-gd7f09526c8 (webtiles) character file.

Game seed: 10394043670456262116

116 RascalDebosk the Shooter (level 4, -1/40 HPs)
             Began as a Minotaur Hunter on Sept 4, 2022.
             Slain by a black bear (5 damage)
             ... on level 3 of the Dungeon.
             The game lasted 00:21:25 (2331 turns).

RascalDebosk the Shooter (Minotaur Hunter)          Turns: 2331, Time: 00:21:27

Health: -1/40      AC:  6    Str: 16    XL:     4   Next: 70%
Magic:  3/3        EV: 11    Int:  6    God:
Gold:   102        SH:  0    Dex: 15    Spells: 3/3 levels left

rFire   . . .      SeeInvis .   a - +0 shortbow
rCold   . . .      Faith    .   (shield currently unavailable)
rNeg    . . .      Spirit   .   d - +0 ring mail
rPois   .          Reflect  .   (helmet restricted)
rElec   .          Harm     .   (no cloak)
rCorr   +          Rampage  .   o - +0 pair of gloves
Will    +....                   (no boots)
Stlth   +.........              (no amulet)
HPRegen 0.13/turn               g - ring of resist corrosion
MPRegen 0.08/turn               q - ring of willpower

@: no status effects
A: horns 2, retaliatory headbutt
a: no special abilities


You were on level 3 of the Dungeon.
You visited 1 branch of the dungeon, and saw 3 of its levels.

You collected 102 gold pieces.

Inventory:

Hand Weapons
 a - a +0 shortbow (weapon)
 p - a +2 dagger of venom
Armour
 d - a +0 ring mail (worn)
 e - a +0 tower shield
 o - a +0 pair of gloves (worn)
Jewellery
 g - a ring of resist corrosion (left hand)
 q - a ring of willpower (right hand)
Scrolls
 b - a scroll of immolation
 c - a scroll of brand weapon {unknown}
 f - 5 scrolls of fear {unknown}
 h - 2 scrolls of identify {unknown}
 i - a scroll of poison {unknown}
 k - 2 scrolls of blinking {unknown}
 l - a scroll of teleportation {unknown}
 m - a scroll of vulnerability {unknown}
Potions
 j - a potion of lignification {unknown}
 n - a potion of ambrosia {unknown}
 r - a potion of berserk rage {unknown}
 s - a potion of flight {unknown}
 t - a potion of heal wounds {unknown}
 u - a potion of brilliance {unknown}


   Skills:
 + Level 3.6 Fighting
 + Level 5.1 Ranged Weapons
 + Level 2.3 Armour
 - Level 2.1 Dodging
 - Level 0.7 Stealth
 + Level 1.7 Evocations


You had 3 spell levels left.
You didn't know any spells.
Your spell library was empty.

Dungeon Overview and Level Annotations

Branches:
Dungeon (3/15)

Altars:


Innate Abilities, Weirdness & Mutations

You have a pair of horns on your head.
You reflexively headbutt those who attack you in melee.


Message History

The black bear claws you but does no damage.
The adder barely misses you.
The black bear goes berserk!
Fire: a) +0 shortbow
Press: ? - help, Q - select action Shift-Dir - straight line, f/p - black bear
Aim: a black bear (severely wounded, berserk, 69% to hit)
You shoot an arrow. The arrow barely misses the black bear.
The adder bites you but does no damage. The black bear misses you.
The black bear barely misses you. x2; The adder bites you.
The black bear bites you. The black bear closely misses you.
The black bear claws you but does no damage.
Fire: a) +0 shortbow
Press: ? - help, Q - select action Shift-Dir - straight line, f/p - black bear
Aim: a black bear (severely wounded, berserk, 69% to hit)
You shoot an arrow. The arrow hits the black bear.
The black bear is severely wounded.
The adder bites you but does no damage. The black bear bites you.
The black bear completely misses you. x2; The adder barely misses you.
The black bear barely misses you. The black bear closely misses you.
The black bear claws you.
Fire: a) +0 shortbow
Press: ? - help, Q - select action Shift-Dir - straight line, f/p - black bear
Aim: a black bear (severely wounded, berserk, 69% to hit)
You shoot an arrow. The arrow barely misses the black bear.
The black bear barely misses you. The black bear closely misses you.
The black bear claws you. The adder bites you but does no damage.
The adder barely misses you. The black bear bites you.
* * * LOW HITPOINT WARNING * * *
The black bear barely misses you. The black bear misses you.
Fire: a) +0 shortbow
Press: ? - help, Q - select action Shift-Dir - straight line, f/p - black bear
Aim: a black bear (severely wounded, berserk, 69% to hit)
You shoot an arrow. The arrow hits the black bear.
The black bear is almost dead.
The black bear bites you.
* * * LOW HITPOINT WARNING * * *
The black bear claws you.
* * * LOW HITPOINT WARNING * * *
The black bear completely misses you. The adder bites you but does no damage.
The black bear bites you.
You die...

#...##.#.....#
#.####.....###
##.# ###.##...
#..##....#
###. #.##..#
## #.#..####
#####........
#..S...##..).
##@##### ..
#.h# ...##
..... .......
.......
.#.###. .. ..


You could see a black bear (berserk) and an adder.

Vanquished Creatures
  Jessica (D:2)
  Terence (D:2)
  A worm (D:2)
  An orc (D:3)
  10 ball pythons
  4 endoplasms
  4 giant cockroaches
  5 goblins
  4 hobgoblins
  3 jackals (D:1)
  A quokka (D:3)
  6 bats
  3 frilled lizards
  6 kobolds
  10 rats
60 creatures vanquished.

Vanquished Creatures (others)
  A plant (D:3)
1 creature vanquished.

Grand Total: 61 creatures vanquished

Notes
Turn   | Place    | Note
-------+----------+-------------------------------------------
     0 | D:1      | RascalDebosk the Minotaur Hunter began the quest for the
                  | Orb.
     0 | D:1      | Reached XP level 1. HP: 18/18 MP: 0/0
   282 | D:1      | Reached XP level 2. HP: 25/25 MP: 1/1
   398 | D:1      | Reached skill level 1 in Armour
   533 | D:1      | Reached skill level 1 in Evocations
   673 | D:1      | Reached XP level 3. HP: 29/31 MP: 2/2
  1331 | D:2      | Noticed Jessica
  1334 | D:2      | Killed Jessica
  1335 | D:2      | Reached XP level 4. HP: 14/38 MP: 3/3
  1717 | D:2      | Reached skill level 5 in Ranged Weapons
  1860 | D:2      | Noticed Terence
  1872 | D:2      | Killed Terence
  2322 | D:3      | Noticed a black bear
  2331 | D:3      | Slain by a black bear

Illustrated notes

Levels and vault maps discovered:
D:1:      minmay_arrival_floating_metal, layout_basic,
          hangedman_abyss_or_decor_stabs, minivault_19
D:2:      layout_loops_ring, uniq_jessica, uniq_terence
D:3:      layout_rooms, demons_altar, cheibrodos_sewer_entry_sluice,
          shapermc_ecumenical_altar_gd, minmay_checkerbox, uniq_sigmund

Skill      XL: |  1  2  3  4 |
---------------+-------------+-----
Armour         | 1 2 |  2.3
Evocations     | 1 |  1.7
Fighting       | 3 |  3.6
Ranged Weapons | 5 |  5.1
Dodging        | |  2.1
Stealth        | |  0.7

Action                   |  1- 3 |  4- 6 || total
-------------------------+-------+-------++-------
Melee: Dagger            |       |     9 ||     9
       Headbutt          |       |     1 ||     1
 Fire: Shortbow          |   129 |    39 ||   168
Armor: Leather armour    |     5 |       ||     5
       Ring mail         |    21 |    14 ||    35
Dodge: Dodged            |    50 |    29 ||    79
Block: Tower shield      |       |     4 ||     4
